 Dungeon Crawl Stone Soup version 0.27-a0-1206-g6342a01c75 (webtiles) character file.

Game seed: 2354804407434674156

7110 Glokmah the Spear-Bearer (level 10, -6/120 HPs)
             Began as a Demonspawn Gladiator on June 5, 2021.
             Was an Initiate of Gozag.
             Succumbed to a black mamba's poison
             ... on level 2 of the Lair of Beasts.
             The game lasted 00:30:55 (13008 turns).

Glokmah the Spear-Bearer (Demonspawn Gladiator)    Turns: 13008, Time: 00:30:56

Health: -6/120     AC:  9    Str: 15    XL:     10   Next: 85%
Magic:  1/17       EV: 11    Int: 10    God:    Gozag
Gold:   328        SH:  4    Dex: 17    Spells: 19/19 levels left

rFire    + . .     SeeInvis .   a - +5 trident (flame)
rCold    + . .     Faith    .   (no shield)
rNeg     + . .     Spirit   +   w - +0 scale mail
rPois    .         Reflect  .   (helmet restricted)
rElec    .         Harm     .   F - +0 cloak
rCorr    +         Rampage  .   (no gloves)
Will     .....                  H - +0 pair of boots
Stlth    ..........             y - amulet of the acrobat
HPRegen  0.30/turn              i - +4 ring of slaying
MPRegen  0.30/turn              k - ring "Kivumaa" {rF+ rC+ rN+ rCorr}

@: berserking, lethally poisoned (-6 -> -50), slowed
A: antennae 2, large bone plates 1, magic shield, magic regeneration
a: Renounce Religion, Potion Petition, Call Merchant, Bribe Branch


You were on level 2 of the Lair of Beasts.
You worshipped Gozag.
Gozag was aware of your devotion.
You visited 2 branches of the dungeon, and saw 13 of its levels.

You collected 2619 gold pieces.
You spent 475 gold pieces at shops.
You paid 1816 gold pieces to Gozag.

Inventory:

Hand Weapons
 a - a +5 trident of flaming (weapon)
 j - a +2 vorpal hand crossbow
 B - a +4 dagger of venom
 C - the +6 flail "Tocoobri" {freeze, Int+5}
   (You found it on level 6 of the Dungeon)

   It has been specially enchanted to freeze those struck by it, causing extra
   injury to most foes and up to half again as much damage against particularly
   susceptible opponents.
   It can also slow down cold-blooded creatures.
   It affects your intelligence (+5).
Missiles
 e - 369 stones
 h - 8 silver boomerangs
 s - 6 boomerangs of dispersal
 x - 63 poisoned darts
Armour
 w - a +0 scale mail (worn)
 F - a +0 cloak (worn)
 H - a +0 pair of boots (worn)
Magical Staves
 v - a staff of conjuration
Jewellery
 c - a ring of see invisible
 d - a ring of willpower
 i - a +4 ring of slaying (left hand)
 k - the ring "Kivumaa" (right hand) {rF+ rC+ rN+ rCorr}
   (You acquired it on level 5 of the Dungeon)

   [ring of positive energy]

   It protects you from fire.
   It protects you from cold.
   It protects you from negative energy.
   It protects you from acid and corrosion.
 n - a ring of fire
 y - an amulet of the acrobat (around neck)
Wands
 q - a wand of digging (12)
 r - a wand of flame (25) (quivered)
Scrolls
 b - 2 scrolls of vulnerability
 l - a scroll of amnesia
 m - a scroll of immolation
 E - 2 scrolls of identify
Potions
 f - 4 potions of lignification
 o - 3 potions of brilliance
 p - 3 potions of mutation
 t - 3 potions of heal wounds
 u - a potion of attraction
 A - 2 potions of flight
 D - a potion of invisibility


   Skills:
 + Level 7.8 Fighting
 * Level 10.2 Polearms
 + Level 5.9 Throwing
 + Level 5.2 Armour
 + Level 3.2 Dodging
 - Level 5.0 Spellcasting


You had 19 spell levels left.
You didn't know any spells.
Your spell library contained the following spells:

 Spells                   Type           Power      Damage    Failure   Level
 Corona                   Hex            2%         N/A       63%         1
 Ensorcelled Hibernation  Hex/Ice        4%         N/A       77%         2
 Confusing Touch          Hex            2%         N/A       94%         3
 Dazzling Flash           Conj/Hex       4%         N/A       94%         3
 Tukima's Dance           Hex            2%         N/A       94%         3
 Animate Armour           Summ/Erth      4%         N/A       100%        4
 Borgnjor's Vile Clutch   Necr/Erth      1%         N/A       100%        5
 Silence                  Hex/Air        1%         N/A       100%        5
 Shadow Creatures         Summ           N/A        N/A       100%        6


Dungeon Overview and Level Annotations

Branches:
Dungeon (11/15)            Temple (0/1) D:6            Lair (2/6) D:9
    Orc (0/2) D:9
  Swamp: Lair:2-4    Shoals: Lair:2-4     Snake: Lair:2-4    Spider: Lair:2-4

Altars:
Ashenzari
Gozag
Trog

Shops:
D:4 (   D:7 !

Annotations:
D:7 2 transporters, Yume's ghost, novice TrMo
Lair:2 Erica; Harold


Innate Abilities, Weirdness & Mutations

You have a pair of antennae on your head.
You are partially covered in large bone plates. (SH +4)
When hurt, damage is shared between your health and your magic reserves.
You regenerate magic rapidly.


Message History

You block the black mamba's attack.
Okay, then.
You feel much better.
You feel extremely sick. The black mamba closely misses you.
You block Harold's attack. The black mamba closely misses you.
Harold hits you with a +0 long sword!
A red film seems to cover your vision as you go berserk!
You feel yourself moving faster!
You feel mighty!
You feel very sick. The black mamba bites you.
You are more poisoned.
The black mamba poisons you!
Your cane toad stings Harold!
Harold is poisoned.
Your cane toad poisons Harold!
Your cane toad barely misses the black mamba.
The black mamba closely misses you.
Your komodo dragon bites the cane toad!!
Erica zaps a wand.
Some rock shatters into small pieces.
Your cane toad stings Harold!!
Your cane toad stings the black mamba but does no damage.
Harold hits you with a +0 long sword!
* * * LOW HITPOINT WARNING * * *
The black mamba bites you!
* * * LOW HITPOINT WARNING * * *
You are more poisoned.
The black mamba poisons you!
Your komodo dragon bites the black mamba.
You puncture Harold! You burn Harold.
Harold is heavily wounded.
* * * LOW HITPOINT WARNING * * *
You feel extremely sick. You block the black mamba's attack.
Your cane toad closely misses Harold.
The cane toad closely misses you.
Your cane toad closely misses the black mamba.
Harold hits you with a +0 long sword!!
* * * LOW HITPOINT WARNING * * *
Okay, then.
Your scale mail prevents you from hitting Harold.
Harold is heavily wounded.
You die...
Your body crumbles into a pile of gold.

## #### ##.#######
###.P######@F......#
#........<..S@.##****
##..........l@F..P#,,**
#.............F.......**
#................####.,*
##...............## *,,,*
#................#* *,,,*
#..(............".#***,,*
##.................,,*,**
###.(..............#*,,,,*


You could see Harold (very poisoned, ally target), Erica, a black mamba (ally
target), a cane toad (ally target), a friendly komodo dragon (summoned) and 2
friendly cane toads.

Vanquished Creatures
  A hydra (Lair:1)
  A centaur zombie (D:11)
  A black mamba (Lair:2)
  Maurice (D:8)
  A troll (D:9)
  A hornet (D:9)
  2 wyverns
  4 yaks
  A vampire mosquito (D:11)
  A steam dragon (D:8)
  3 wargs (D:9)
  A water moccasin (D:6)
  4 ice beasts
  A hornet zombie (D:7)
  4 orc warriors
  An ogre (D:4)
  5 centaurs
  A phantom (D:5)
  A kobold brigand (D:7)
  3 bullfrogs
  3 scorpions
  A water moccasin skeleton (D:5)
  15 wights
  A howler monkey (D:6)
  A hound (D:5)
  A gnoll shaman (D:6)
  An orc priest (D:8)
  Crazy Yiuf (D:7)
  2 bullfrog skeletons
  3 iguanas
  13 orc wizards
  7 gnolls
  2 howler monkey zombies
  10 adders
  4 river rats (D:5)
  A white imp (D:6)
  An adder skeleton (D:4)
  A dart slug (D:3)
  34 orcs
  3 ball pythons
  5 bats
  4 endoplasms
  3 giant cockroaches
  6 hobgoblins
  11 jackals
  7 kobolds
  2 quokkas
  4 frilled lizards
  4 rats
189 creatures vanquished.

Vanquished Creatures (others)
  2 fungi (Lair:2)
  132 plants
  4 withered plants (D:2)
138 creatures vanquished.

Grand Total: 327 creatures vanquished

Notes
Turn   | Place    | Note
-------+----------+-------------------------------------------
     0 | D:1      | Glokmah the Demonspawn Gladiator began the quest for the
                  | Orb.
     0 | D:1      | Reached XP level 1. HP: 16/16 MP: 1/1
   323 | D:1      | Reached skill level 3 in Polearms
   461 | D:1      | Gained mutation: You regenerate magic rapidly. [demonic
                  | ancestry]
   461 | D:1      | Reached XP level 2. HP: 22/22 MP: 2/2
  1118 | D:2      | Gained mutation: When hurt, damage is shared between your
                  | health and your magic reserves. [demonic ancestry]
  1118 | D:2      | Reached XP level 3. HP: 28/28 MP: 3/3
  1466 | D:2      | Found a faded altar of an unknown god.
  1489 | D:2      | Became a worshipper of Gozag Ym Sagoz the Greedy
  2354 | D:3      | Gained mutation: You have a pair of small antennae on your
                  | head. [demonic ancestry]
  2354 | D:3      | Reached XP level 4. HP: 34/34 MP: 4/4
  3274 | D:4      | Reached skill level 4 in Polearms
  3436 | D:4      | Found Num Acan's Weapon Shoppe.
  3436 | D:4      | Noticed a bullfrog
  3443 | D:4      | Killed a bullfrog
  3444 | D:4      | Reached skill level 1 in Spellcasting
  3444 | D:4      | Reached XP level 5. HP: 32/41 MP: 3/6
  3503 | D:4      | Noticed an ogre
  3504 | D:4      | Bought a +2 vorpal hand crossbow for 189 gold pieces
  3504 | D:4      | Bought 16 poisoned darts for 70 gold pieces
  3954 | D:4      | Killed an ogre
  3955 | D:4      | Reached XP level 6. HP: 35/47 MP: 5/8
  4430 | D:5      | Entered Level 5 of the Dungeon
  4430 | D:5      | Noticed an ice beast
  4567 | D:5      | Noticed an ice beast
  4567 | D:5      | Noticed a yak
  4830 | D:4      | Killed a yak
  4831 | D:4      | Reached skill level 5 in Polearms
  4831 | D:4      | Reached XP level 7. HP: 15/53 MP: 4/10
  5092 | D:5      | Identified a scroll of acquirement
  5092 | D:5      | Acquired the ring "Kivumaa" {rF+ rC+ rN+ rCorr}
  5451 | D:5      | Reached skill level 6 in Polearms
  5522 | D:5      | Gained mutation: You are partially covered in large bone
                  | plates. (SH +4) [demonic ancestry]
  5522 | D:5      | Reached XP level 8. HP: 61/61 MP: 12/12
  5566 | D:5      | Found a bloodstained altar of Trog.
  6271 | D:5      | Reached skill level 5 in Fighting
  6525 | D:6      | Reached skill level 7 in Polearms
  7006 | D:6      | Identified the +6 flail "Tocoobri" {freeze, Int+5}
  7272 | D:6      | Found a staircase to the Ecumenical Temple.
  7692 | D:7      | Reached skill level 5 in Throwing
  7896 | D:7      | Reached XP level 9. HP: 69/69 MP: 15/15
  8518 | D:7      | Reached skill level 1 in Armour
  8599 | D:7      | Reached skill level 8 in Polearms
  8733 | D:7      | Found a transporter.
  8733 | D:7      | Found a transporter.
  8740 | D:7      | Found a bloodstained altar of Trog.
  8741 | D:7      | Noticed Yume's ghost (novice TrMo)
  8743 | D:7      | Noticed a moth of wrath
  8847 | D:7      | You fall into a shaft and drop 3 floors!
  8847 | D:10     | Entered Level 10 of the Dungeon
  8908 | D:10     | Noticed a two-headed ogre
  9052 | D:10     | Noticed a troll
  9116 | D:11     | HP: 1/69 [vampire mosquito (4)]
  9372 | D:11     | Acquired 759 gold pieces
  9426 | D:11     | Reached skill level 5 in Spellcasting
  9522 | D:9      | Found a staircase to the Orcish Mines.
  9535 | D:9      | Noticed a troll
  9706 | D:9      | Found a staircase to the Lair.
  9716 | D:9      | Killed a troll
  9717 | D:9      | Reached skill level 9 in Polearms
  9717 | D:9      | Gained mutation: You have a pair of antennae on your head.
                  | [demonic ancestry]
  9717 | D:9      | Reached XP level 10. HP: 65/77 MP: 11/17
 10149 | D:8      | Found a broken altar of Ashenzari.
 10318 | D:7      | Found Ypsal's Distillery.
 10326 | D:7      | Bought a potion of invisibility for 96 gold pieces
 10326 | D:7      | Bought a potion of heal wounds for 60 gold pieces
 10326 | D:7      | Bought a potion of heal wounds for 60 gold pieces
 10397 | D:7      | Found a runed translucent door.
 10398 | D:7      | Noticed Crazy Yiuf
 10410 | D:7      | Killed Crazy Yiuf
 11165 | D:8      | Noticed Maurice
 11181 | D:8      | Killed Maurice
 11261 | D:8      | Reached skill level 5 in Armour
 12280 | Lair:1   | Entered Level 1 of the Lair of Beasts
 12405 | Lair:1   | Noticed a six-headed hydra
 12416 | Lair:1   | Killed a six-headed hydra
 12417 | Lair:1   | Reached skill level 10 in Polearms
 12687 | Lair:1   | You fall into a shaft and drop 1 floor!
 12687 | Lair:2   | Noticed a black mamba
 12696 | Lair:2   | Killed a black mamba
 12989 | Lair:2   | Noticed Harold
 12989 | Lair:2   | Noticed Erica
 12989 | Lair:2   | Noticed a cane toad
 12996 | Lair:2   | Noticed a black mamba
 13007 | Lair:2   | HP: 1/120 [Harold/+0 long sword (16)]
 13008 | Lair:2   | Succumbed to a black mamba's poison

Illustrated notes

Levels and vault maps discovered:
D:1:      roderic_crop_circles_arrival_small, layout_loops_ring
D:2:      layout_rooms, shapermc_ecumenical_altar_flowoftime,
          chequers_serial_rivers_small_3
D:3:      layout_loops_corners, serial_forest, infiniplex_forest_split,
          infiniplex_forest_clump_medium, infiniplex_forest_clump_small,
          infiniplex_forest_lined_1, infiniplex_forest_end_3,
          infiniplex_forest_straight_4, serial_bayou_pond_e
D:4:      layout_loops_corners, serial_shops, shop, chequers_garden
D:5:      wad_woods_stonehenge, layout_cave_pools, serial_bayou,
          serial_bayou_lake_a, serial_bayou_pond_c, serial_bayou_crossing,
          serial_bayou_lagoon_a
D:6:      layout_basic, minmay_temple_entry_junction
D:7:      layout_gridville, gammafunk_ghost_wrathful_warriors, serial_shops,
          shop_statue, uniq_crazy_yiuf_cottage
D:8:      layout_loops_ring, nicolae_ashenzari_panopticon, uniq_maurice
D:9:      layout_loops_ring, erik_lair_orcish_takeover, orc_0_dummy
D:10:     minmay_skewed_foursquare, layout_basic, minmay_checkerbox
D:11:     layout_big_octagon
Lair:1:   layout_hall_layers
Lair:2:   layout_gridlike, uniq_harold, uniq_erica

Skill      XL: |  1  2  3  4  5  6  7  8  9 10 |
---------------+-------------------------------+-----
Polearms       | 3 4 5 6 7 9 10 | 10.2
Throwing       | 2 3 4 5 |  5.9
Fighting       | 3 4 5 6 7 |  7.8
Spellcasting   | 1 2 3 4 5 |  5.0
Armour         | 4 5 |  5.2
Dodging        | 3 |  3.2

Action                   |  1- 3 |  4- 6 |  7- 9 | 10-12 || total
-------------------------+-------+-------+-------+-------++-------
Melee: Trident           |   101 |   116 |   261 |   108 ||   586
Throw: Stone             |    11 |    19 |     7 |       ||    37
       Throwing net      |       |     2 |     1 |       ||     3
       Dart              |       |    12 |     1 |    18 ||    31
       Boomerang         |       |       |     3 |    26 ||    29
Invok: Potion Petition   |       |       |     4 |     1 ||     5
Evoke: Wand              |       |       |     6 |     3 ||     9
  Use: Scroll            |       |       |    19 |     5 ||    24
       Potion            |       |       |     3 |     3 ||     6
 Stab: Distracted        |       |       |     1 |     1 ||     2
       Invisible         |       |       |     2 |       ||     2
Armor: Leather armour    |     1 |       |       |       ||     1
       Ring mail         |    23 |    20 |       |       ||    43
       Scale mail        |       |    16 |    60 |    25 ||   101
       Skin              |       |       |     3 |       ||     3
Dodge: Dodged            |    40 |    51 |   169 |    52 ||   312
Block: Other             |       |       |    41 |    21 ||    62

Table legend: (Time is in decaauts)
 A = Elapsed time spent in this place.
 B = Non-inter-level travel time spent in this place.
 C = Inter-level travel time spent in this place.
 D = Time resting spent in this place.
 E = Time spent auto-exploring this place.
 F = Levels seen in this place.
 G = Mean time per level.
                   A        B        C        D        E       F      G
               +--------+--------+--------+--------+--------+-----+--------+
         Total |  13060 |  12033 |   1027 |   2715 |   6204 |  13 | 1004.6 |
       Dungeon |  12333 |  11306 |   1027 |   2232 |   6120 |  11 | 1121.2 |
          Lair |    726 |    726 |      0 |    483 |     84 |   2 |  363.0 |
               +--------+--------+--------+--------+--------+-----+--------+

Top non-repeatable levels by time:
     D:4: 1981 daAuts
     D:6: 1525 daAuts
     D:5: 1463 daAuts
     D:9: 1239 daAuts
     D:8: 1198 daAuts
     D:3: 1185 daAuts
     D:1: 1111 daAuts
     D:7: 1073 daAuts
     D:2: 943 daAuts
  Lair:1: 403 daAuts
  Lair:2: 323 daAuts
    D:11: 323 daAuts
    D:10: 287 daAuts
